 Dungeon Crawl Stone Soup version 0.26.1-2-gb8aa6d0cf2 (webtiles) character file.

Game seed: 15941097949910859532

1893 Marvel the Carver (level 8, -1/111 HPs)
             Began as a Minotaur Berserker on Feb 12, 2021.
             Was an Elder of Trog.
             Killed from afar by a white imp (5 damage)
             ... with a puff of frost
             ... on level 6 of the Dungeon.
             The game lasted 00:09:45 (6441 turns).

Marvel the Carver (Minotaur Berserker)              Turns: 6441, Time: 00:09:46

Health: -1/111     AC: 24    Str: 20 (23) XL:     8   Next: 93%
Magic:  7/7        EV:  2    Int:  1 (4)  God:    Trog [****..]
Gold:   224        SH:  0    Dex:  8 (11) Spells: 7/7 levels left

rFire    . . .     SeeInvis +   a - +0 falchion
rCold    . . .     Faith    +   (no shield)
rNeg     + + +     Spirit   .   (armour currently unavailable)
rPois    +         Reflect  .   (helmet currently unavailable)
rElec    .         Harm     .   (cloak currently unavailable)
rCorr    +         Rampage  .   (gloves currently unavailable)
Will     .....     NoTele   +   (boots currently unavailable)
Stlth    +.........             p - amulet of faith
HPRegen  0.28/turn              h - ring of resist corrosion
MPRegen  0.10/turn              x - ring of see invisible

@: lethally poisoned (-1 -> -2), tree-form
A: (retaliatory headbutt)
a: Renounce Religion, Berserk, Trog's Hand, Brothers in Arms


You were on level 6 of the Dungeon.
You worshipped Trog.
Trog was greatly pleased with you.
You were a tree.
You visited 1 branch of the dungeon, and saw 8 of its levels.

You collected 224 gold pieces.

Inventory:

Hand Weapons
 a - a +0 falchion (weapon)
Armour
 b - a +0 animal skin
 s - +0 swamp dragon scales (melded)
Jewellery
 h - a ring of resist corrosion (left branch)
 p - an amulet of faith (around neck)
 x - a ring of see invisible (right branch)
 y - an uncursed ring of fire
Wands
 r - a wand of paralysis (5)
 v - a wand of flame (15)
 w - a wand of iceblast (3)
Scrolls
 c - 3 scrolls of random uselessness {unknown}
 d - 2 scrolls of fog {unknown}
 e - 3 scrolls of enchant weapon {unknown}
 i - 5 scrolls of identify {unknown}
 k - a scroll of noise {unknown}
 n - a scroll of blinking {unknown}
 o - 2 scrolls of remove curse {unknown}
 q - a scroll of enchant armour {unknown}
 z - a scroll of teleportation
Potions
 f - a potion of cancellation {unknown}
 g - a potion of lignification
 j - 2 potions of curing
 m - a potion of might {unknown}
 t - a potion of flight {unknown}
 u - a potion of haste {unknown}


   Skills:
 + Level 7.8 Fighting
 + Level 10.4 Long Blades
 + Level 7.3 Armour
 - Level 2.1 Dodging


You had 7 spell levels left.
You didn't know any spells.
Your spell library was empty.

Dungeon Overview and Level Annotations

Branches:
Dungeon (8/15)
 Temple: D:4-7         Lair: D:8-11

Altars:
Ashenzari
Dithmenos
Elyvilon
Fedhas
Hepliaklqana
Nemelex Xobeh
Ru
Uskayaw
Wu Jian
Xom

Shops:
D:5 [   D:6 }}}

Annotations:
D:8 Erica, Maurice


Innate Abilities, Weirdness & Mutations

((You reflexively headbutt those who attack you in melee.))
((You have a pair of horns on your head.))


Message History

Trog accepts your kill.
The orc priest looks encouraged for a moment.
It was a potion of lignification.
You turn into a tree.
Your +0 swamp dragon scales melds into your body.
Your roots penetrate the ground.
You feel sick. The adder bites you but does no damage.
The orc priest looks encouraged for a moment.
The orc wizard hits you but does no damage.
The adder bites you but does no damage.
The orc priest hits you but does no damage.
It was a potion of degeneration.
There was something very wrong with that liquid.
You feel weakened.
You feel dopey.
You feel clumsy.
The orc priest calls down the wrath of Beogh upon you.
Beogh smites you!
* * * LOW HITPOINT WARNING * * *
The orc wizard hits you but does no damage.
The white imp gestures at you. The puff of frost hits you.
You die...

..............#...#.......
.......<......#...#.......
..............#...#.......
..............##+###.[.###
#########'#####...##...###
......#......'............
......'......#............
......#......#............
#..## ##o♣..###'####.##..#
#. #oS5.###...##.##..#
..o.................
......................
........................
........................
.....$..................
........................
##############


You could see 2 orc priests, an orc wizard, an adder and a white imp.

Vanquished Creatures
  Menkaure (D:6)
  A sky beast (D:6)
  3 ogres
  2 phantoms
  A centaur (D:5)
  A bullfrog (D:6)
  A scorpion (D:6)
  A water moccasin skeleton (D:6)
  A jelly (D:6)
  3 hounds
  A bullfrog skeleton (D:4)
  5 orc wizards
  5 orc priests
  A gnoll shaman (D:7)
  Natasha (thrice) (D:3)
  An iguana (D:7)
  5 worker ants
  A killer bee zombie (D:4)
  A hound zombie (D:5)
  Robin (D:2)
  A howler monkey skeleton (D:8)
  4 gnolls (D:7)
  10 adders
  A shadow imp (D:6)
  A white imp (D:5)
  An ufetubus (D:6)
  An ooze (D:4)
  An adder zombie (D:5)
  2 worms
  2 dart slugs
  7 leopard geckos
  14 orcs
  3 giant cockroaches
  12 goblins
  8 hobgoblins
  6 jackals
  11 kobolds
  2 ball pythons
  8 bats
  4 frilled lizards
  A quokka skeleton (D:4)
  6 rats
145 creatures vanquished.

Vanquished Creatures (others)
  2 plants (D:1)
2 creatures vanquished.

Grand Total: 147 creatures vanquished

Notes
Turn   | Place    | Note
-------+----------+-------------------------------------------
     0 | D:1      | Marvel the Minotaur Berserker began the quest for the Orb.
     0 | D:1      | Reached XP level 1. HP: 19/19 MP: 0/0
   521 | D:1      | Reached skill level 4 in Long Blades
   521 | D:1      | Reached XP level 2. HP: 26/27 MP: 1/1
  1522 | D:2      | Reached XP level 3. HP: 21/34 MP: 2/2
  1650 | D:2      | Reached ** piety under Trog
  2202 | D:2      | Noticed Robin
  2206 | D:2      | Reached XP level 4. HP: 32/41 MP: 3/3
  2214 | D:2      | Killed Robin
  2385 | D:2      | Reached skill level 5 in Fighting
  2385 | D:2      | Reached skill level 5 in Long Blades
  2528 | D:3      | Found a shadowy altar of Dithmenos.
  2528 | D:3      | Found an ornate altar of the Wu Jian Council.
  2536 | D:3      | Found a hide-covered altar of Uskayaw.
  2538 | D:3      | Found a faded altar of an unknown god.
  2540 | D:3      | Found a blossoming altar of Fedhas.
  2689 | D:3      | Noticed Natasha
  2695 | D:3      | Killed Natasha
  2735 | D:3      | Noticed Natasha
  2871 | D:3      | Reached XP level 5. HP: 45/48 MP: 4/4
  2964 | D:3      | Killed Natasha
  3119 | D:3      | Reached skill level 6 in Long Blades
  3122 | D:3      | Reached *** piety under Trog
  3135 | D:3      | Reached XP level 6. HP: 39/57 MP: 5/5
  3275 | D:3      | Noticed Natasha
  3282 | D:3      | Killed Natasha
  3534 | D:4      | Reached skill level 7 in Long Blades
  3655 | D:4      | Found a broken altar of Ashenzari.
  3864 | D:4      | Reached XP level 7. HP: 64/64 MP: 6/6
  3868 | D:4      | Found a sacrificial altar of Ru.
  3893 | D:4      | Reached skill level 8 in Long Blades
  3975 | D:4      | Reached **** piety under Trog
  4260 | D:4      | Found a white marble altar of Elyvilon.
  4728 | D:5      | Entered Level 5 of the Dungeon
  4861 | D:5      | Found Jaigot Hyalu's Armour Shoppe.
  4876 | D:5      | Reached skill level 9 in Long Blades
  4876 | D:5      | Reached skill level 5 in Armour
  4877 | D:5      | Reached XP level 8. HP: 14/71 MP: 7/7
  5169 | D:5      | You fall into a shaft and drop 3 floors!
  5190 | D:8      | Noticed Erica
  5198 | D:8      | Noticed Maurice
  5202 | D:7      | Found a sparkling altar of Nemelex Xobeh.
  5547 | D:7      | Found a hazy altar of Hepliaklqana.
  5573 | D:6      | Found Fefodgh's Gadget Shop.
  5628 | D:6      | Found Nemiusof's Gadget Boutique.
  6014 | D:6      | Found Jomugh's Gadget Shoppe.
  6023 | D:6      | Reached skill level 10 in Long Blades
  6093 | D:6      | Noticed Menkaure
  6101 | D:6      | Killed Menkaure
  6246 | D:6      | Found a shimmering altar of Xom.
  6441 | D:6      | HP: 4/111 [orc priest/divine providence (13)]
  6441 | D:6      | Killed from afar by a white imp

Illustrated notes

Levels and vault maps discovered:
D:1:      minmay_arrival_four_houses, layout_basic, serial_forest,
          infiniplex_forest_clump_C, infiniplex_forest_end_3,
          infiniplex_forest_clump_long, infiniplex_forest_end_1,
          infiniplex_forest_zigzag_1, infiniplex_forest_lined_ring
D:2:      layout_loops_ring, uniq_robin
D:3:      layout_rooms, chequers_temple_overflow_minitemple, interstate_on_off,
          uniq_natasha
D:4:      layout_basic, marbit_many_paths, nicolae_ru_great_annihilating_truth,
          elyvilon_altar_3
D:5:      layout_rooms, gammafunk_temple_overflow_elements,
          minmay_temple_entry_drinking_statues, serial_shops, shop,
          hangedman_decor_opposing, minmay_small_thing
D:6:      layout_gridville, serial_shops, shop, shop,
          nicolae_shop_window_shopping, minmay_misc_feat_rugged,
          brannock_xom_greatest_gift, uniq_menkaure
D:7:      layout_cave_pods, nicolae_tso_carved_into_rock,
          nemelex_xobeh_ov_fountains_minmay, nicolae_overflow_crystal_walls,
          minmay_manual_moon, uniq_maggie
D:8:      layout_cave_pools, uniq_maurice, uniq_erica

Skill      XL: |  1  2  3  4  5  6  7  8 |
---------------+-------------------------+-----
Long Blades    | 4 5 6 7 9 10 | 10.4
Fighting       | 4 5 6 7 |  7.8
Armour         | 3 5 7 |  7.3
Dodging        | |  2.1

Action                   |  1- 3 |  4- 6 |  7- 9 || total
-------------------------+-------+-------+-------++-------
Melee: Falchion          |    68 |   109 |   173 ||   350
       Headbutt          |    11 |    20 |    48 ||    79
Invok: Trog's Hand       |       |       |     1 ||     1
  Use: Scroll            |       |     2 |     1 ||     3
       Potion            |       |       |     3 ||     3
 Stab: Sleeping          |     3 |       |       ||     3
       Paralysed         |       |       |     1 ||     1
Armor: Animal skin       |    14 |     2 |       ||    16
       Swamp dragon scal |       |    27 |    52 ||    79
       Skin              |       |       |     4 ||     4
Dodge: Dodged            |    43 |    67 |    94 ||   204
       Rpst.: Falchion   |    16 |    14 |    27 ||    57
